 Dungeon Crawl Stone Soup version 0.31.0-12-g77e489cdc1 (webtiles) character file.

Game seed: 4631203398384975207

20500 Silvore the Bludgeoner (level 12, -4/108 HPs)
             Began as a Minotaur Fighter on Feb 23, 2024.
             Was a Priest of the Shining One.
             Slain by a skeletal warrior
             ... wielding a +0 hand axe
              (6 damage)
             ... on level 11 of the Dungeon.
             The game lasted 00:14:10 (10805 turns).

Silvore the Bludgeoner (Minotaur Fighter)          Turns: 10805, Time: 00:14:10

Health: -4/108     AC: 21    Str: 28    XL:     12   Next: 45%
Magic:  9/11       EV:  8    Int:  5    God:    the Shining One [***...]
Gold:   540        SH: 21    Dex: 14    Spells: 11/11 levels left

rFire   . . .        K - +4 mace
rCold   . . .        c - +3 buckler
rNeg    + + .        h - +0 plate armour
rPois   .            s - +1 hat
rElec   .            j - +0 cloak
rCorr   .            (no gloves)
SInv    .            n - +2 pair of boots
Will    .....        z - amulet of reflection Stlth
                     m - +6 ring of strength
HPRegen 0.38/turn    o - ring of positive energy
MPRegen 0.12/turn

%: reflection
@: mighty, divinely shielded, glowing
A: horns 2, retaliatory headbutt
a: Renounce Religion, Divine Shield, Cleansing Flame


You were on level 11 of the Dungeon.
You worshipped the Shining One.
The Shining One was most pleased with you.
You visited 2 branches of the dungeon, and saw 13 of its levels.

You collected 689 gold pieces.
You donated 149 gold pieces to Zin.

Inventory:

Hand Weapons
 a - a +1 flail
 K - a +4 mace (weapon)
Missiles
 t - 3 throwing nets (quivered)
Armour
 b - a +0 scale mail
 c - a +3 buckler (worn)
 h - a +0 plate armour (worn)
 j - a +0 cloak (worn)
 n - a +2 pair of boots (worn)
 s - a +1 hat (worn)
Jewellery
 k - an amulet of faith
 m - a +6 ring of strength (left hand)
 o - a ring of positive energy (right hand)
 z - an amulet of reflection (around neck)
 C - a ring of wizardry
 D - a ring of flight
Wands
 i - a wand of polymorph (15)
 q - a wand of paralysis (32)
 G - a wand of roots (25)
 I - a wand of mindburst (17)
 J - a wand of acid (4)
Scrolls
 p - 3 scrolls of teleportation
 r - 2 scrolls of poison
 w - 3 scrolls of vulnerability
 y - 5 scrolls of fear
 M - a scroll of immolation
Potions
 d - 3 potions of might
 e - 4 potions of attraction
 f - 3 potions of brilliance
 g - a potion of lignification {unknown}
 l - 2 potions of berserk rage
 u - 2 potions of cancellation {unknown}
 x - a potion of haste {unknown}
 A - 2 potions of mutation
 B - 2 potions of degeneration {unknown}
 E - 2 potions of magic {unknown}
 L - 3 potions of resistance {unknown}


   Skills:
 + Level 10.8 Fighting
 + Level 15.2 Maces & Flails
 + Level 12.5 Armour
 + Level 2.1 Dodging
 + Level 1.0 Stealth
 + Level 12.3 Shields


You had 11 spell levels left.
You didn't know any spells.
Your spell library contained the following spells:

 Spells                   Type           Power      Damage    Failure   Level
 Apportation              Tloc           0%         N/A       99%         1
 Freeze                   Ice            0%         1d3       99%         1
 Necrotise                Necr           0%         1d4       99%         1
 Sandblast                Erth           0%         2d4       99%         1
 Shock                    Conj/Air       0%         1d3       99%         1
 Slow                     Hex            0%         N/A       99%         1
 Sting                    Conj/Alch      0%         1d3       99%         1
 Summon Small Mammal      Summ           0%         N/A       99%         1
 Confusing Touch          Hex            0%         N/A       100%        3
 Frozen Ramparts          Ice            0%         1d1       100%        3
 Gell's Gravitas          Tloc           0%         N/A       100%        3
 Hailstorm                Conj/Ice       0%         3d5       100%        3
 Passwall                 Erth           0%         N/A       100%        3
 Sigil of Binding         Hex            0%         N/A       100%        3
 Stone Arrow              Conj/Erth      0%         3d7       100%        3
 Swiftness                Air            0%         N/A       100%        3
 Teleport Other           Tloc           0%         N/A       100%        3
 Vampiric Draining        Necr           0%         2d6       100%        3
 Airstrike                Air            0%         2d(0-16)  100%        4
 Anguish                  Hex/Necr       0%         N/A       100%        4
 Brom's Barrelling Bould  Conj/Erth      0%         2d3       100%        4
 Cause Fear               Hex            0%         N/A       100%        4
 Ignite Poison            Fire/Alch      0%         N/A       100%        4
 Sticky Flame             Fire/Alch      0%         2d4       100%        4
 Dispersal                Tloc           0%         N/A       100%        6
 Enfeeble                 Hex            0%         N/A       100%        7
 Ignition                 Fire           0%         3d3       100%        8


Dungeon Overview and Level Annotations

Branches:
Dungeon (12/15)            Temple (1/1) D:4            Lair (0/5) D:8
    Orc (0/2) D:10

Altars:
Ashenzari
Cheibriados
Dithmenos
Elyvilon
Fedhas
Gozag
Hepliaklqana
Kikubaaqudgha
Makhleb
Nemelex Xobeh
Okawaru
Qazlal
Ru
Sif Muna
Trog
Uskayaw
Vehumet
Wu Jian
Xom
Yredelemnul
Zin
The Shining One

Shops:
D:2 [   D:9 [   D:10 =


Innate Abilities, Weirdness & Mutations

You have a pair of horns on your head.
You reflexively headbutt those who attack you in melee.


Message History

The skeletal warrior is lightly damaged.
The skeletal warrior hits you with a +0 hand axe.
* * * LOW HITPOINT WARNING * * *
You hit the skeletal warrior but do no damage.
The skeletal warrior is lightly damaged.
You block the skeletal warrior's attack.
You sock the skeletal warrior!
You headbutt the skeletal warrior, but do no damage.
The skeletal warrior is moderately damaged.
The skeletal warrior hits you with a +0 hand axe!
* * * LOW HITPOINT WARNING * * *
The skeletal warrior hits you with a +0 short sword!
* * * LOW HITPOINT WARNING * * *
Okay, then.
The skeletal warrior attacks as it pursues you!
You block the skeletal warrior's attack.
You feel much better.
You block the skeletal warrior's attack.
The skeletal warrior hits you but does no damage.
The skeletal warrior attacks as it pursues you!
The skeletal warrior hits you with a +0 short sword!
* * * LOW HITPOINT WARNING * * *
The skeletal warrior attacks as it pursues you!
You block the skeletal warrior's attack.
There is an open door, spattered with blood here.
The skeletal warrior attacks as it pursues you!
You block the skeletal warrior's attack.
You feel very mighty all of a sudden.
You block the skeletal warrior's attack.
You hit the skeletal warrior.
The skeletal warrior is lightly damaged.
You block the skeletal warrior's attack.
The skeletal warrior hits you with a +0 hand axe!
* * * LOW HITPOINT WARNING * * *
There is an open door, spattered with blood here.
You sock the skeletal warrior!
The skeletal warrior is moderately damaged.
You block the skeletal warrior's attack.
The skeletal warrior hits you with a +0 hand axe.
You die...

.......#......#..#
.......########..#
.................#
#######..........#
#..........#######
#................#
#..>..........<..#
#.........z......# #
#......###@####..# #
#......#.z.)..#..# #
#......#......#..# #
#......#......#..#
#######......####'###..#
...............).......#
.......................#
.......................#
.......................#


You could see 2 skeletal warriors.

Vanquished Creatures
  Nessos (D:12)
  An ogre mage (D:10)
  8 two-headed ogres
  3 boulder beetles
  4 ugly things (D:10)
  A cyclops (D:12)
  Joseph (D:10)
  A cane toad (shapeshifter) (D:10)
  A gargoyle (D:12)
  An unseen horror (D:10)
  A komodo dragon (D:8)
  3 polar bears (D:10)
  A hornet (D:8)
  A shadow (D:10)
  A vampire (D:9)
  A wraith (D:10)
  14 yaks
  A wyvern (shapeshifter) (D:10)
  Grum (D:8)
  7 vampire mosquitoes
  3 acid dragons
  6 water moccasins
  2 sky beasts
  An orc warrior (D:9)
  4 ice beasts
  An ogre (D:4)
  2 centaurs (D:5)
  6 wolves
  7 bullfrogs
  2 kobold brigands
  4 scorpions
  5 wights (D:7)
  14 killer bees
  2 bombardier beetles
  5 howler monkeys
  4 orc priests
  3 gnoll boudas
  2 hounds
  3 jellies
  A sleepcap (D:7)
  Crazy Yiuf (D:2)
  Terence (D:2)
  3 iguanas
  6 orc wizards
  Robin (D:2)
  8 adders
  21 gnolls
  A shadow imp (D:5)
  2 white imps
  3 ribbon worms
  17 orcs
  6 endoplasms
  2 giant cockroaches (D:4)
  11 goblins
  9 hobgoblins
  3 jackals (D:2)
  21 kobolds
  A quokka (D:2)
  4 ball pythons
  6 bats
  2 frilled lizards
  3 rats
262 creatures vanquished.

Notes
Turn   | Place    | Note
-------+----------+-------------------------------------------
     0 | D:1      | Silvore the Minotaur Fighter began the quest for the Orb.
     0 | D:1      | Reached XP level 1. HP: 19/19 MP: 0/0
   206 | D:1      | Reached XP level 2. HP: 26/26 MP: 1/1
   700 | D:2      | Reached XP level 3. HP: 23/33 MP: 2/2
   724 | D:2      | Noticed Robin
   745 | D:2      | Killed Robin
   746 | D:2      | Reached skill level 3 in Maces & Flails
  1036 | D:2      | Noticed Terence
  1037 | D:2      | Found Wolyomm's Armour Shop.
  1067 | D:2      | Killed Terence
  1068 | D:2      | Reached skill level 5 in Armour
  1068 | D:2      | Reached XP level 4. HP: 26/40 MP: 3/3
  1261 | D:2      | Found a runed translucent door.
  1283 | D:2      | Noticed Crazy Yiuf
  1288 | D:2      | Killed Crazy Yiuf
  1566 | D:3      | Found an opulent altar of Gozag.
  1571 | D:3      | Found an opulent altar of Gozag.
  1571 | D:3      | Found an opulent altar of Gozag.
  1587 | D:3      | Reached XP level 5. HP: 46/46 MP: 4/4
  1792 | D:3      | Found a faded altar of an unknown god.
  1996 | D:3      | Found an opulent altar of Gozag.
  2272 | D:4      | Noticed a sky beast
  2279 | D:3      | Killed a sky beast
  2280 | D:3      | Reached skill level 4 in Maces & Flails
  2306 | D:4      | Reached XP level 6. HP: 44/52 MP: 5/5
  2416 | D:4      | Reached skill level 5 in Maces & Flails
  2572 | D:4      | Found a snail-covered altar of Cheibriados.
  2922 | D:4      | Reached skill level 6 in Maces & Flails
  2922 | D:4      | Reached skill level 5 in Shields
  2922 | D:4      | Reached XP level 7. HP: 54/60 MP: 6/6
  2995 | D:4      | Found a staircase to the Ecumenical Temple.
  3011 | Temple   | Entered the Ecumenical Temple
  3033 | Temple   | Became a worshipper of Zin the Law-Giver
  3033 | Temple   | Reached * piety under Zin
  3450 | D:5      | Entered Level 5 of the Dungeon
  3475 | D:5      | Reached ** piety under Zin
  3616 | D:5      | Found a glowing golden altar of the Shining One.
  3739 | D:5      | Reached skill level 5 in Fighting
  3786 | D:5      | Donated 113 gold pieces to Zin
  3841 | D:5      | Reached skill level 7 in Maces & Flails
  3907 | D:5      | Reached *** piety under Zin
  3936 | D:5      | Reached XP level 8. HP: 42/68 MP: 7/7
  4445 | D:6      | Reached skill level 8 in Maces & Flails
  5092 | D:6      | Found a shimmering altar of Xom.
  5517 | D:7      | Reached skill level 9 in Maces & Flails
  5607 | D:7      | Reached XP level 9. HP: 68/77 MP: 8/8
  6049 | D:5      | Fell from the grace of Zin
  6049 | D:5      | Became a worshipper of the Shining One
  6049 | D:5      | Reached * piety under the Shining One
  6194 | D:8      | Found a staircase to the Lair.
  6279 | D:8      | Noticed a komodo dragon
  6287 | D:8      | Killed a komodo dragon
  6288 | D:8      | Reached skill level 10 in Maces & Flails
  6549 | D:8      | Identified the +0 ring mail of Dithmenos's Generosity {rN+
                  | Will+ Int-2}
  6648 | D:8      | Noticed Grum
  6658 | D:8      | Killed Grum
  6659 | D:8      | Reached skill level 10 in Armour
  6856 | D:8      | Reached skill level 11 in Maces & Flails
  6856 | D:8      | Reached XP level 10. HP: 88/88 MP: 9/9
  7395 | D:9      | Reached skill level 12 in Maces & Flails
  7443 | D:9      | Reached ** piety under the Shining One
  7484 | D:9      | Found Oloam's Antique Armour Boutique.
  7786 | D:9      | Noticed a two-headed ogre
  7794 | D:9      | Killed a two-headed ogre
  7795 | D:9      | Reached skill level 1 in Dodging
  7942 | D:9      | Reached skill level 13 in Maces & Flails
  8269 | D:9      | Found a broken altar of Ashenzari.
  8398 | D:10     | Entered Level 10 of the Dungeon
  8399 | D:10     | Found Raucwamn's Jewellery Boutique.
  8440 | D:10     | Reached XP level 11. HP: 84/95 MP: 10/10
  8472 | D:10     | Found a staircase to the Orcish Mines.
  8610 | D:10     | Noticed Joseph
  8616 | D:10     | Killed Joseph
  8673 | D:10     | Found a stormy altar of Qazlal.
  8686 | D:10     | Found a hide-covered altar of Uskayaw.
  8884 | D:10     | Noticed a two-headed ogre
  8884 | D:10     | Noticed a two-headed ogre
  8894 | D:10     | Killed a two-headed ogre
  8897 | D:10     | Killed a two-headed ogre
  8898 | D:10     | Reached skill level 10 in Shields
  8933 | D:10     | Reached skill level 14 in Maces & Flails
  8933 | D:10     | Noticed a two-headed ogre
  8933 | D:10     | Reached *** piety under the Shining One
  8939 | D:10     | Killed a two-headed ogre
  8940 | D:10     | Noticed a white ugly thing
  8970 | D:10     | Killed a white ugly thing
  9109 | D:10     | Noticed an ogre mage
  9109 | D:10     | Noticed a green ugly thing
  9110 | D:10     | Noticed a brown ugly thing
  9147 | D:10     | Killed an ogre mage
  9172 | D:10     | Killed a green ugly thing
  9173 | D:10     | Killed a green ugly thing
  9307 | D:10     | Noticed a two-headed ogre
  9315 | D:10     | Killed a two-headed ogre
  9471 | D:10     | Noticed a two-headed ogre
  9481 | D:10     | Killed a two-headed ogre
  9482 | D:10     | Reached skill level 10 in Fighting
  9600 | D:10     | Noticed a brown ugly thing
  9603 | D:10     | Reached XP level 12. HP: 106/106 MP: 11/11
  9895 | D:11     | Noticed a boulder beetle
  9931 | D:11     | Killed a boulder beetle
  9932 | D:11     | Reached skill level 15 in Maces & Flails
 10228 | D:11     | Noticed a boulder beetle
 10271 | D:11     | Killed a boulder beetle
 10377 | D:11     | Noticed a two-headed ogre
 10384 | D:11     | Killed a two-headed ogre
 10429 | D:11     | Noticed a two-headed ogre
 10437 | D:11     | Killed a two-headed ogre
 10640 | D:12     | Noticed a boulder beetle
 10656 | D:12     | Killed a boulder beetle
 10757 | D:12     | Noticed Nessos
 10758 | D:12     | Reached **** piety under the Shining One
 10776 | D:12     | The Shining One protects you from harm!
 10779 | D:12     | Killed Nessos
 10780 | D:12     | Reached skill level 1 in Stealth
 10793 | D:11     | HP: 5/108 [skeletal warrior/+0 short sword (13)]
 10804 | D:11     | HP: 1/108 [skeletal warrior/+0 hand axe (11)]
 10805 | D:11     | Slain by a skeletal warrior

Illustrated notes

Levels and vault maps discovered:
D:1:      dpeg_arrival_simpleton_c, layout_loops_ring
D:2:      layout_loops_ring, serial_shops,
          nicolae_shop_competitors_out_of_business, minmay_domino_4, uniq_robin,
          uniq_terence, uniq_crazy_yiuf_cottage
D:3:      layout_basic, nicolae_gozag_conspicuous_consumption,
          chequers_ecumenical_altar_island
D:4:      layout_basic, old_standard_altar, minmay_temple_entry_tees,
          serial_aquarium, aquarium_bridge_square [aquarium_subvault_bridge,
          aquarium_subvault_balcony, aquarium_subvault_wall,
          aquarium_subvault_bridge], aquarium_bridge_straight
          [aquarium_subvault_bridge, aquarium_subvault_wall,
          aquarium_subvault_bridge, aquarium_subvault_window],
          aquarium_window_2, aquarium_window_1, aquarium_window_corridor_2,
          aquarium_view_2a, aquarium_view_2b, aquarium_pool_corner,
          dk_rats_in_the_wall
D:5:      layout_basic, kennysheep_mini
D:6:      layout_loops_ring, mainiacjoe_overflow_chevrons,
          amcnicky_mini_corridor_feature
D:7:      layout_basic, chequers_decorated_corner
D:8:      nicolae_cairo_tiling_very_big, layout_basic, uniq_grum
D:9:      layout_long_grid, grunt_ashenzari_visionary
          [grunt_ashenzari_visionary_shoals, grunt_ashenzari_visionary_snake],
          serial_shops, nicolae_shop_crystal, minmay_quadrilaterals
D:10:     regret_index_malice_mire, layout_rooms, nicolae_uskayaw_dance_hall,
          nicolae_qazlal_general_emergency, orc_0_dummy, serial_shops,
          nicolae_shop_gaudy_bauble, serial_ice, serial_ice_h, serial_ice_c,
          serial_ice_e, serial_ice_f, uniq_joseph
D:11:     layout_irregular_city
D:12:     layout_big_octagon, serial_rivers, chequers_serial_rivers_room_b,
          chequers_serial_rivers_marsh, chequers_serial_rivers_room_a,
          chequers_serial_rivers_micro_e, uniq_rupert, uniq_erolcha, uniq_nessos
Temple:   regret_index_temple_generic_petals

Skill      XL: |  1  2  3  4  5  6  7  8  9 10 11 12 |
---------------+-------------------------------------+-----
Armour         | 4 5 6 7 8 10 11 12 | 12.5
Shields        | 4 5 6 7 8 11 12 | 12.3
Maces & Flails | 3 4 6 7 9 11 13 14 15 | 15.2
Fighting       | 4 5 6 7 8 10 | 10.8
Dodging        | 1 2 |  2.1
Stealth        | 1 |  1.0

Action                     |  1- 3 |  4- 6 |  7- 9 | 10-12 || total
---------------------------+-------+-------+-------+-------++-------
  Melee: Flail             |    81 |    75 |   161 |       ||   317
         Headbutt          |     9 |    10 |    52 |   131 ||   202
         Unarmed           |    10 |       |       |       ||    10
         Mace              |       |       |   118 |   394 ||   512
 Invoke: Donate Gold       |       |       |     1 |       ||     1
         Divine Shield     |       |       |       |     1 ||     1
    Use: Scroll            |     5 |     5 |     6 |     6 ||    22
         Potion            |       |       |     1 |    12 ||    13
 Armour: Scale mail        |    79 |       |       |       ||    79
         Plate armour      |    18 |    61 |   237 |   243 ||   559
         Skin              |     3 |       |       |       ||     3
  Dodge: Dodged            |    55 |    32 |    98 |   107 ||   292
  Block: Buckler           |    35 |    33 |   135 |   297 ||   500
         Reflection        |       |       |       |     9 ||     9
